AoeStats
← CLEMENTE

Black Forest

510020566Analyzed
2v2 RM · 2d ago on Sep 29, 2026· 83m 42s· 4 players
Game mode
Random Map
Map size
Medium (4 player)
Population
200
Speed
Normal
Resources
Standard
Victory
Conquest
Starting age
Dark Age
Ending age
Imperial Age
RankedLock teamsTeams togetherTeam positionsShared explorationLock speedFull tech treeHidden civsTurbo modeCheats
Victory
Defeat
🇧🇷 Chinese · Brazil
575
+15
🇧🇷 Britons · Brazil
571
+15
🇨🇱 Teutons · Chile
626
-17
🇺🇸 Mongols · United States
494
-13
Jotape
0:35 Loom
15:06 Feudal Age
15:40 Double-Bit Axe
19:29 Wheelbarrow
18:39 Horse Collar
25:24 Castle Age
24:05 Fletching
27:02 Bow Saw
26:54 Heavy Plow
27:08 Bodkin Arrow
28:10 Hand Cart
27:41 Town Watch
29:58 Town Watch
32:12 Town Patrol
33:04 Gold Mining
33:10 Stone Mining
33:08 Crossbowman
35:50 Gold Shaft Mining
35:16 Padded Archer Armor
37:27 Treadmill Crane
38:33 Leather Archer Armor
42:16 Imperial Age
39:59 Caravan
40:34 Scale Barding Armor
40:42 Forging
40:46 Fortified Wall
40:58 Ballistics
41:42 Yeomen
43:07 Bracer
44:09 Chemistry
43:07 Murder Holes
43:20 Siege Engineers
44:19 Two-Man Saw
44:15 Conscription
45:13 Iron Casting
45:48 Warwolf
45:53 Arrowslits
46:04 Murder Holes
48:00 Blast Furnace
47:51 Elite Longbowman
50:08 Ring Archer Armor
49:40 Scale Mail Armor
49:54 Masonry
50:38 Chain Mail Armor
56:35 Plate Mail Armor
56:12 Scale Barding Armor
55:29 Pikeman
56:09 Squires
55:54 Arson
55:32 Man-at-Arms
55:57 Gambesons
56:44 Architecture
56:58 Hoardings
61:37 Coinage
61:18 Guilds
62:21 Arbalester
63:21 Arbalester
65:19 Arbalester
_IMPERUS
1:04 Loom
16:37 Feudal Age
17:20 Double-Bit Axe
18:05 Town Watch
19:19 Wheelbarrow
25:22 Castle Age
24:13 Horse Collar
24:58 Stone Mining
27:38 Heavy Plow
28:27 Bow Saw
30:07 Fletching
30:46 Gold Mining
34:13 Great Wall
36:31 Atonement
37:01 Scale Barding Armor
37:51 Hand Cart
37:41 Town Patrol
38:30 Caravan
38:40 Scale Mail Armor
39:59 Padded Archer Armor
39:52 Man-at-Arms
40:33 Squires
40:23 Pikeman
42:47 Ballistics
45:20 Imperial Age
44:17 Chain Mail Armor
45:43 Coinage
46:35 Rocketry
45:47 Halberdier
47:01 Sappers
48:17 Plate Mail Armor
48:13 Conscription
49:15 Bodkin Arrow
49:19 Heated Shot
50:31 Chemistry
49:42 Masonry
49:27 Long Swordsman
50:11 Heavy Rocket Cart
52:43 Elite Chu Ko Nu
54:09 Leather Archer Armor
54:56 Architecture
54:25 Murder Holes
55:39 Two-Man Saw
54:30 Two-Handed Swordsman
54:56 Arson
54:32 Elite Fire Lancer
54:44 Capped Ram
56:13 Chain Barding Armor
57:17 Husbandry
56:38 Cavalier
57:40 Bracer
60:12 Banking
59:21 Champion
60:42 Guard Tower
61:06 Fortified Wall
60:55 Arrowslits
62:17 Siege Ram
65:26 Keep
72:05 Bombard Tower
71:11 Heavy Scorpion
CLEMENTE
0:31 Loom
15:13 Feudal Age
16:52 Man-at-Arms
18:41 Horse Collar
19:42 Wheelbarrow
21:18 Double-Bit Axe
28:47 Castle Age
30:09 Bow Saw
32:34 Heavy Plow
32:50 Fletching
33:14 Forging
33:04 Scale Mail Armor
33:12 Padded Archer Armor
33:36 Hand Cart
33:16 Gold Mining
33:17 Stone Mining
40:09 Imperial Age
37:38 Stone Mining
40:15 Bloodlines
40:47 Iron Casting
40:08 Bodkin Arrow
40:28 Chain Mail Armor
40:38 Leather Archer Armor
42:30 Chemistry
41:51 Ballistics
42:42 Elite Skirmisher
44:15 Crop Rotation
44:54 Conscription
46:09 Stone Shaft Mining
46:37 Blast Furnace
46:09 Ring Archer Armor
46:24 Cavalier
50:01 Onager
50:35 Paladin
55:45 Town Watch
56:33 Town Patrol
61:17 Siege Engineers
61:45 Plate Mail Armor
61:20 Scale Barding Armor
63:24 Ironclad
Bob
0:47 Loom
14:21 Feudal Age
15:18 Gold Mining
15:18 Double-Bit Axe
16:16 Wheelbarrow
15:26 Horse Collar
17:04 Stone Mining
22:23 Castle Age
23:52 Hand Cart
25:20 Stone Shaft Mining
27:33 Town Watch
28:28 Fortified Wall
28:15 Murder Holes
29:30 Town Patrol
32:37 Gold Shaft Mining
32:50 Coinage
35:39 Caravan
37:22 Ballistics
38:35 Nomads
41:34 Imperial Age
39:27 Scale Barding Armor
39:23 Padded Archer Armor
39:14 Fletching
39:48 Bow Saw
40:08 Heavy Plow
41:22 Guard Tower
42:01 Onager
43:32 Banking
44:02 Drill
43:46 Siege Onager
44:11 Heavy Camel Rider
45:41 Chain Barding Armor
47:21 Chemistry
46:39 Leather Archer Armor
46:37 Masonry
46:54 Conscription
47:05 Parthian Tactics
46:06 Elite Skirmisher
47:09 Scale Mail Armor
47:33 Siege Engineers
48:22 Bodkin Arrow
48:06 Sappers
48:28 Heavy Cavalry Archer
54:41 Elite Mangudai
56:00 Hoardings
58:52 Capped Ram
59:51 Chain Mail Armor
59:47 Forging
59:38 Bracer
71:45 Plate Mail Armor
71:51 Iron Casting
75:02 Siege Ram
77:45 Light Cavalry
78:37 Bloodlines
78:30 Husbandry
Connection lost

Rejoining the realm…

Still unreachable

The connection could not be restored.

Session expired

The server has moved on; the page needs a fresh start.